 Dungeon Crawl Stone Soup version 0.20-a0-1117-g62da73f (webtiles) character file.

245818 LessRight the Brawler (level 19, -5/221 HPs)
             Began as a Green Draconian Transmuter on May 8, 2017.
             Was a High Priest of Sif Muna.
             Slain by a merfolk impaler
             ... wielding a +4 trident of freezing
              (12 damage)
             ... on level 4 of the Shoals on May 9, 2017.
             The game lasted 06:32:11 (43991 turns).

LessRight the Brawler (Green Draconian Transmuter) Turns: 43991, Time: 06:32:12

Health: -5/221     AC: 27    Str: 12      XL:     19   Next: 18%
Magic:  30/35      EV: 21    Int: 22 (26) God:    Sif Muna [*****.]
Gold:   2507       SH:  0    Dex: 11      Spells: 10/42 levels left

rFire    . . .     SeeInvis +     - Unarmed
rCold    + . .     Gourm    .   (no shield)
rNeg     + . .     Faith    .   (armour unavailable)
rPois    ∞         Spirit   .   O - +2 hat {SInv}
rElec    +         Reflect  .   (no cloak)
rCorr    .         Harm     .   (gloves currently unavailable)
MR       ++...                  (boots currently unavailable)
Stlth    +.........             k - amulet of rage
Regen    0.5/turn               i - ring of flight
MPRegen  0.3/turn               M - ring "Kyhoepp" {*Contam rC+ MR+ Int+3}

@: statue-form (expiring), slowed, very slow
A: (breathe noxious fumes), unfitting armour, stinger 1, poison resistance,
cold-blooded, subdued magic 1, AC +10
}: 1/15 runes: serpentine
a: End Transformation, Divine Energy, Channel Magic, Forget Spell, Renounce
Religion, Evoke Berserk Rage, Evoke Flight


You were on level 4 of the Shoals.
You worshipped Sif Muna.
Sif Muna was extremely pleased with you.
You were near starving.
You were a stone statue.
You visited 7 branches of the dungeon, and saw 33 of its levels.
You visited the Abyss 1 time.
You also visited: Labyrinth and Ice Cave.

You collected 3047 gold pieces.
You spent 540 gold pieces at shops.

Inventory:

Hand Weapons
 I - a +4 shortbow of freezing
Missiles
 a - 935 arrows
Armour
 f - a +2 pair of gloves (melded)
 O - a +2 hat of see invisible (worn)
 P - a +1 pair of boots (melded)
 Z - a +0 buckler
Magical Staves
 G - an uncursed staff of wizardry
Jewellery
 i - a ring of flight (left hand)
 k - an amulet of rage (around neck)
 l - a +3 ring of intelligence
 p - an uncursed ring of positive energy
 q - the amulet "Raudd" {Reflect +Inv MR+ SH+2}
   (You acquired it on level 4 of the Shoals)

   [amulet of reflection]

   It shields you and reflects attacks.
   It affects your resistance to hostile enchantments.
   It lets you turn invisible.
   It affects your SH (+2).
 C - an uncursed ring of protection from cold
 H - a +3 ring of strength
 M - the ring "Kyhoepp" (right hand) {*Contam rC+ MR+ Int+3}
   (You acquired it on level 1 of the Shoals)

   [ring of protection from magic]

   It affects your intelligence (+3).
   It protects you from cold.
   It affects your resistance to hostile enchantments.
   It causes magical contamination when unequipped.
Wands
 x - a wand of digging (18/24)
 U - a wand of disintegration (17/24)
 X - a wand of iceblast (3/15)
 Y - a wand of acid (5/15)
Scrolls
 m - a scroll of fog
 o - 9 scrolls of remove curse
 r - 8 scrolls of teleportation
 s - 5 scrolls of recharging
 y - 3 scrolls of identify
 Q - a scroll of magic mapping
 R - 2 scrolls of summoning
 T - 4 scrolls of blinking
Potions
 b - 3 potions of might
 e - 18 potions of curing
 j - 2 potions of resistance
 u - 5 potions of haste
 w - 3 potions of heal wounds
 D - 2 potions of cancellation
 E - 4 potions of mutation
 F - 3 potions of magic
 J - 6 potions of agility
 L - a potion of brilliance
 N - 2 potions of berserk rage
Books
 h - a book of Death

   Spells                             Type                      Level
   a - Corpse Rot                     Necromancy                   2
   b - Sublimation of Blood           Necromancy                   2
   c - Agony                          Necromancy                   5
   d - Dispel Undead                  Necromancy                   5
   e - Excruciating Wounds            Charms/Necromancy            5
   f - Bolt of Draining               Conjuration/Necromancy       5
 t - a Fen Folio

   Spells                             Type                      Level
   a - Corpse Rot                     Necromancy                   2
   b - Stone Arrow                    Conjuration/Earth            3
   c - Leda's Liquefaction            Hexes/Earth                  4
   d - Summon Forest                  Summoning/Translocation      5
   e - Hydra Form                     Transmutation                6
   f - Summon Hydra                   Summoning                    7
 z - Sif Muna's Disquisition on Earthen Arcane Weapons
   (Sif Muna gifted it to you on level 12 of the Dungeon)

   Spells                             Type                      Level
   a - Throw Icicle                   Conjuration/Ice              4
   b - Force Lance                    Conjuration/Translocation    4
   c - Bolt of Draining               Conjuration/Necromancy       5
   d - Venom Bolt                     Conjuration/Poison           5
   e - Statue Form                    Transmutation/Earth          6
   f - Chain Lightning                Conjuration/Air              8
   g - Glaciate                       Conjuration/Ice              9
 B - a book of the Sky

   Spells                             Type                      Level
   a - Summon Lightning Spire         Summoning/Air                4
   b - Silence                        Hexes/Air                    5
   c - Deflect Missiles               Charms/Air                   6
   d - Conjure Ball Lightning         Conjuration/Air              6
   e - Tornado                        Air                          9
 K - a book of Frost

   Spells                             Type                      Level
   a - Freeze                         Ice                          1
   b - Throw Frost                    Conjuration/Ice              2
   c - Ozocubu's Armour               Charms/Ice                   3
   d - Throw Icicle                   Conjuration/Ice              4
   e - Summon Ice Beast               Ice/Summoning                4
 S - a book of Air

   Spells                             Type                      Level
   a - Shock                          Conjuration/Air              1
   b - Swiftness                      Charms/Air                   2
   c - Static Discharge               Conjuration/Air              3
   d - Airstrike                      Air                          4
   e - Lightning Bolt                 Conjuration/Air              5
Miscellaneous
 d - a fan of gales (inert)
 n - a phial of floods
 W - a lightning rod (4/4)
Comestibles
 c - 9 bread rations
 g - 16 meat rations
 v - 25 fruits
 A - 19 royal jellies
 V - 4 chunks of flesh


   Skills:
 - Level 15.0 Fighting
 - Level 7.3 Bows
 - Level 16.1 Dodging
 - Level 4.1 Shields
 + Level 16.3 Unarmed Combat
 - Level 12.4 Spellcasting
 - Level 4.3 Conjurations
 - Level 5.1 Necromancy
 - Level 10.0 Transmutations
 - Level 3.2 Ice Magic
 - Level 3.4 Air Magic
 - Level 7.4 Earth Magic
 - Level 5.0 Evocations


You had 10 spell levels left.
You knew the following spells:

 Your Spells              Type           Power        Failure   Level  Hunger
a - Animate Dead          Necr           N/A          4%          4    None
b - Spider Form           Tmut/Pois      ####......   1%          3    None
c - Ice Form              Ice/Tmut       ####....     2%          4    None
d - Blade Hands           Tmut           #####.....   1%          5    ####...
e - Statue Form           Tmut/Erth      #####....    17%         6    #####..
f - Irradiate             Conj/Tmut      ####......   5%          5    ####...
g - Regeneration          Chrm/Necr      ###.......   3%          3    None
h - Swiftness             Chrm/Air       ###.....     2%          2    None


Dungeon Overview and Level Annotations

Branches:
Dungeon (15/15)            Temple (1/1) D:4            Lair (6/6) D:11
 Shoals (4/4) Lair:4        Snake (4/4) Lair:3        Slime (0/5) Lair:5
    Orc (2/2) D:10            Elf (1/3) Orc:2        Vaults (0/5) D:13
 Depths (0/5) D:15

Altars:
Ashenzari
Dithmenos
Elyvilon
Fedhas
Gozag
Hepliaklqana
Kikubaaqudgha
Makhleb
Okawaru
Qazlal
Ru
Sif Muna
Trog
Uskayaw
Vehumet
Wu Jian
Xom
Yredelemnul
Zin
The Shining One

Shops:
D:5 =   D:11 [   Orc:2 (*%*[   Snake:1 *   Snake:4 *

Portals:
Hell: Lair:6


Innate Abilities, Weirdness & Mutations

((You can breathe blasts of noxious fumes.))
((Your lurid green scales are hard. (AC +10)))
You cannot fit into any form of body armour.
Your tail ends in a poisonous barb.
Your system is resistant to poisons. (rPois)
You are cold-blooded and may be slowed by cold attacks.
Your spells are a little easier to cast, but a little less powerful.


Message History

The merfolk impaler hits your frost giant zombie with a trident of freezing!
Your frost giant zombie is destroyed!
The merfolk impaler hits you but does no damage.
Your merfolk javelineer zombie misses the merfolk impaler.
The merfolk impaler hits you but does no damage.
Casting: Animate Dead
Confirm with . or Enter, or press ? or * to list all spells.
Okay, then.
Evoke which item? (* to show all) (? for menu, Esc to quit)
Aiming: Iceblast (will waste charges)
Press: ? - help, Shift-Dir - straight line, f/p - merfolk impaler
Aim: a merfolk impaler, wielding a trident of freezing and wearing a robe (almost dead)
The mass of ice explodes!
The iceblast engulfs the merfolk impaler.
The merfolk impaler is almost dead.
The iceblast engulfs the merfolk impaler.
The merfolk impaler is almost dead.
Evoking this partially-identified wand wasted a few charges.
The merfolk impaler hits you from afar with a trident of freezing!
You die...

####################
≈≈≈≈≈≈≈≈≈≈≈≈≈≈≈≈≈≈≈≈≈≈
#≈≈≈≈≈≈≈≈≈≈≈≈≈≈≈≈≈≈≈≈≈≈≈
#≈≈≈≈≈≈≈≈≈≈≈≈≈≈≈≈≈≈≈≈≈≈≈
#≈≈≈≈≈≈≈≈≈≈≈≈≈≈≈≈≈≈≈≈≈≈≈≈≈≈≈≈≈
#≈≈≈≈≈≈≈≈≈≈≈≈≈≈≈≈≈≈≈≈≈≈≈≈≈≈≈≈≈
#≈≈≈≈≈≈≈≈≈PPP(P≈≈≈≈≈≈≈≈≈≈≈≈≈≈≈
#≈≈≈≈≈≈≈≈≈≈≈≈8.m≈≈≈≈≈≈...≈≈≈≈≈
#≈≈≈≈≈≈≈≈#≈####mm..≈≈.....≈≈≈≈
#≈≈≈≈≈≈.≈### ###)Z≈≈≈≈.. ≈≈≈≈≈
#≈≈≈≈≈.≈## #m†##≈≈≈≈≈≈ #≈
#≈≈≈≈≈≈≈#≈≈≈m≈mt# ≈≈≈≈#######
#≈≈≈≈≈≈##≈≈#≈#m## ≈≈##$≈≈#≈≈
#≈≈≈≈≈≈≈# ≈≈ m≈ ##≈≈≈≈≈≈≈
#≈≈≈≈≈≈≈##≈ ≈#≈ ≈≈≈ #≈m#≈#≈#
#≈≈≈≈≈≈##≈ ≈≈≈≈ #≈≈≈ ##≈≈tm≈#


You could see 3 merfolk impalers and a friendly merfolk javelineer zombie.

Vanquished Creatures
  Saint Roka (Snake:2)
  A bone dragon (Abyss:3)
  Rupert (Lair:3)
  Gastronok (D:12)
  Polyphemus (Shoals:2)
  Ilsuiw (Shoals:3)
  6 nagarajas (Snake:4)
  2 frost giants
  A cacodemon (Abyss:3)
  A fire giant (D:10)
  The ghost of dolemite99 the Geomancer, a journeyman DDEE of Makhleb (Lair:6)
  A deep elf demonologist (Elf:1)
  A lorocyproca (Abyss:3)
  A dire elephant (Lair:6)
  6 merfolk javelineers
  Snorg (D:11)
  A minotaur (Lab)
  4 merfolk impalers (Shoals:4)
  2 ogre magi (Orc:2)
  Harold (Lair:1)
  Fannar (D:10)
  The ghost of grandjackal the Epochal, a journeyman DsGl of Cheibriados (Orc:2)
  A yaktaur captain (D:15)
  3 vault guards (D:13)
  An alligator snapping turtle (Shoals:4)
  7 hydras
  6 naga warriors
  3 catoblepae
  2 centaur warriors
  Erica (D:8)
  15 anacondas
  4 satyrs (Shoals:4)
  17 two-headed ogres
  A hell beast (Lair:6)
  4 merfolk avatars
  2 merfolk aquamancers
  A dancing weapon (Elf:1)
  22 death yaks
  2 thrashing horrors (Abyss:3)
  Urug (D:11)
  13 naga sharpshooters
  10 shock serpents
  Sonja (D:12)
  A wretched star (Abyss:3)
  6 salamander mystics
  3 unseen horrors
  23 sea snakes
  2 deep trolls (Orc:2)
  A glowing orange brain (Shoals:4)
  11 naga ritualists
  A wizard (Lair:6)
  8 deep elf magi
  3 orc knights
  A necromancer (D:15)
  17 harpies
  6 orc sorcerers
  3 fauns
  3 mana vipers
  2 ugly things
  6 cyclopes
  5 manticores
  3 centaur zombies
  18 salamanders
  4 merfolk sirens
  7 elephants
  12 guardian serpents
  2 water nymphs (Shoals:4)
  33 black mambas
  An apocalypse crab (Abyss:3)
  13 spiny frogs
  10 naga magi
  An ice statue (IceCv)
  An orange demon (Lair:6)
  4 gargoyles
  5 centaur skeletons
  An efreet (D:14)
  6 rime drakes
  A kobold demonologist (D:13)
  10 komodo dragons
  A freezing wraith (D:15)
  2 yaktaurs
  A red devil (Lair:6)
  3 ice devils (Lair:6)
  A hellwing (Lair:6)
  A meliai (D:13)
  15 polar bears
  16 trolls
  Prince Ribbit (D:8)
  22 merfolk
  4 wind drakes (Shoals:1)
  A troll (shapeshifter) (D:15)
  2 ancient zymes (Abyss:3)
  A wolf spider simulacrum (D:15)
  26 blink frogs
  11 raiju (Abyss:3)
  5 slime creatures (D:13)
  5 dream sheep (Lair:6)
  7 hippogriffs
  10 snapping turtles
  Sigmund (D:2)
  A centaur simulacrum (D:15)
  24 water elementals
  A redback (Lab)
  A spriggan (D:9)
  A shadow (D:11)
  A ynoxinul (Abyss:3)
  2 wraiths (D:15)
  2 humans (D:11)
  53 yaks
  Eustachio (D:4)
  5 basilisks
  A neqoxec (Abyss:3)
  6 wyverns
  8 hungry ghosts
  12 vampire mosquitoes
  31 nagas
  5 wargs
  2 soldier ants
  4 hell hounds (Lair:6)
  An acid dragon (D:14)
  27 water moccasins
  4 small abominations (Abyss:3)
  26 orc warriors
  15 porcupines
  3 black bears
  3 ice beasts
  4 phantoms
  3 eyes of draining
  A hornet zombie (D:15)
  8 sky beasts
  34 wolves
  29 ogres
  23 centaurs
  12 crocodiles
  A big kobold (D:11)
  23 bullfrogs
  4 scorpions
  13 killer bees
  11 wights
  9 electric eels
  A spriggan skeleton (Lab)
  4 howler monkeys
  5 crimson imps
  8 hounds
  2 jellies (D:7)
  18 starcursed masses (Abyss:3)
  3 lava snakes (Snake:2)
  A quasit (D:11)
  4 bullfrog skeletons
  20 orc wizards
  13 orc priests
  Terence (D:3)
  An iguana (D:12)
  16 worker ants
  7 hell rats (Lair:3)
  A statue (D:6)
  A killer bee zombie (D:10)
  2 ogre skeletons (Lab)
  A hound skeleton (D:5)
  12 adders
  A howler monkey skeleton (D:4)
  3 river rats (Lair:1)
  5 shadow imps
  A white imp (Abyss:3)
  An ooze (D:1)
  2 adder skeletons
  2 dart slugs
  3 leopard geckos
  78 orcs
  2 ball pythons
  A bat zombie (D:7)
  5 giant cockroaches
  9 goblins
  8 hobgoblins
  18 jackals
  13 kobolds
  4 quokkas
  8 bats
  6 frilled lizards
  A quokka skeleton (D:8)
  8 rats
  4 rat zombies (D:7)
1243 creatures vanquished.

Vanquished Creatures (collateral kills)
  The ghost of LogicNinja the Minotaur Blade, an adept MiBe of Trog (Shoals:3)
  A vault guard (D:13)
  A manticore (Shoals:3)
  An orc (Orc:2)
4 creatures vanquished.

Vanquished Creatures (others)
  A deep elf mage (Elf:1)
  A guardian serpent (Abyss:3)
  A rust devil (Abyss:3)
  A merfolk siren (Shoals:1)
  A polar bear (IceCv)
  A small abomination (Abyss:3)
  A yak (IceCv)
  A naga (Snake:4)
  3 wolves (IceCv)
  A scorpion (D:14)
  An adder (D:8)
  2 giant cockroaches (Lair:6)
  A demonic plant (Abyss:3)
  29 fungi
  23 plants
68 creatures vanquished.

Grand Total: 1315 creatures vanquished

Notes
Turn   | Place    | Note
-------+----------+-------------------------------------------
     0 | D:1      | LessRight the Draconian Transmuter began the quest for the Orb.
     0 | D:1      | Reached XP level 1. HP: 16/16 MP: 3/3
   197 | D:1      | Reached XP level 2. HP: 24/24 MP: 3/5
   555 | D:1      | Reached XP level 3. HP: 23/31 MP: 6/6
   560 | D:1      | Learned a level 3 spell: Spider Form
  1498 | D:2      | Noticed Sigmund
  1514 | D:2      | Killed Sigmund
  1514 | D:2      | Reached skill level 5 in Transmutations
  1514 | D:2      | Reached XP level 4. HP: 27/38 MP: 4/7
  1514 | D:2      | Reached XP level 5. HP: 32/45 MP: 4/8
  2036 | D:3      | Reached XP level 6. HP: 44/51 MP: 6/9
  2052 | D:3      | Noticed Terence
  2067 | D:3      | Killed Terence
  2596 | D:3      | Found a glowing silver altar of Zin.
  2663 | D:4      | Noticed Eustachio
  2676 | D:4      | Killed Eustachio
  2930 | D:4      | Reached skill level 5 in Fighting
  2930 | D:4      | Your scales start taking on a lurid green colour.
  2930 | D:4      | Reached XP level 7. HP: 36/61 MP: 10/10
  2930 | D:4      | Gained mutation: Your system is resistant to poisons. (rPois) [Green Draconian growth]
  2936 | D:4      | Learned a level 4 spell: Ice Form
  3471 | D:4      | Reached skill level 1 in Ice Magic
  3577 | D:4      | Found a staircase to the Ecumenical Temple.
  3584 | Temple   | Entered the Ecumenical Temple
  3964 | D:5      | Entered Level 5 of the Dungeon
  4016 | D:5      | Reached XP level 8. HP: 65/70 MP: 9/12
  4420 | D:5      | Found Xifoag's Jewellery Emporium.
  4444 | D:5      | Learned a level 5 spell: Blade Hands
  4656 | D:5      | Found a white marble altar of Elyvilon.
  5015 | D:6      | Found an opulent altar of Gozag.
  5343 | D:6      | Found a radiant altar of Vehumet.
  5449 | D:6      | Reached skill level 5 in Unarmed Combat
  5759 | D:7      | Reached XP level 9. HP: 56/75 MP: 8/13
  6056 | D:7      | Found a glowing golden altar of the Shining One.
  6397 | D:7      | Found an ancient bone altar of Kikubaaqudgha.
  6577 | D:8      | Noticed Prince Ribbit
  6886 | D:8      | Noticed Erica
  6886 | D:8      | Killed Prince Ribbit
  7292 | D:8      | Killed Erica
  7292 | D:8      | Reached XP level 10. HP: 47/88 MP: 10/14
  7976 | D:9      | Found a shattered altar of Ashenzari.
  8162 | D:9      | Found a deep blue altar of Sif Muna.
  8165 | D:9      | Became a worshipper of Sif Muna the Loreminder
  8469 | D:9      | Noticed a two-headed ogre
  8479 | D:9      | Killed a two-headed ogre
  8479 | D:9      | Reached skill level 5 in Dodging
  8568 | D:10     | Entered Level 10 of the Dungeon
  9043 | D:10     | Noticed a two-headed ogre
  9061 | D:10     | Killed a two-headed ogre
  9066 | D:10     | Found a staircase to the Orcish Mines.
  9516 | D:10     | Noticed a two-headed ogre
  9533 | D:10     | Killed a two-headed ogre
  9533 | D:10     | Reached XP level 11. HP: 45/94 MP: 11/15
  9852 | D:10     | Found a shimmering altar of Xom.
  9852 | D:10     | Found an ancient bone altar of Kikubaaqudgha.
  9875 | D:10     | Noticed a deep elf mage
  9885 | D:10     | Noticed a fire giant
 10237 | D:10     | Noticed Fannar
 10278 | D:10     | Killed Fannar
 10437 | D:10     | Killed a deep elf mage
 10597 | D:10     | Killed a fire giant
 10666 | D:11     | Noticed Urug
 10672 | D:11     | Killed Urug
 10677 | D:11     | Identified the Tome of Moulding and the Volcanoes
 10732 | D:11     | Reached skill level 10 in Dodging
 11065 | D:11     | Noticed a red ugly thing
 11079 | D:11     | Killed a red ugly thing
 11090 | D:11     | Found a staircase to the Lair.
 11103 | D:11     | Reached * piety under Sif Muna
 11515 | D:11     | Reached skill level 5 in Spellcasting
 11515 | D:11     | Reached XP level 12. HP: 86/104 MP: 13/19
 11852 | D:11     | Noticed Snorg
 11865 | D:11     | Killed Snorg
 11865 | D:11     | Reached skill level 10 in Unarmed Combat
 11875 | D:11     | Found Suitif's Armour Emporium.
 12022 | D:11     | Found an iron altar of Okawaru.
 12229 | Lair:1   | Entered Level 1 of the Lair of Beasts
 12768 | Lair:1   | Reached skill level 10 in Fighting
 12874 | Lair:1   | Noticed Harold
 12886 | Lair:1   | Killed Harold
 12888 | Lair:1   | HP: 5/107 [spiny frog (20)]
 13817 | Lair:2   | Noticed a five-headed hydra
 13832 | Lair:2   | Killed a five-headed hydra
 14642 | Lair:3   | Reached XP level 13. HP: 116/116 MP: 20/20
 14775 | Lair:3   | Found a staircase to the Snake Pit.
 14845 | Lair:3   | Noticed Rupert
 14852 | Lair:3   | Paralysed by Rupert for 4 turns
 15108 | Lair:3   | Killed Rupert
 16049 | Lair:3   | Reached ** piety under Sif Muna
 16255 | Lair:3   | Reached skill level 1 in Evocations
 17039 | Lair:4   | Found a staircase to the Shoals.
 17863 | Lair:4   | Reached skill level 1 in Bows
 18782 | Lair:5   | Found a staircase to the Slime Pits.
 18981 | Lair:6   | Entered Level 6 of the Lair of Beasts
 18991 | Lair:5   | Gained mutation: Your tail ends in a poisonous barb. [Green Draconian growth]
 18991 | Lair:5   | Reached XP level 14. HP: 126/126 MP: 21/21
 19529 | Lair:6   | Noticed dolemite99's ghost (journeyman DDEE)
 20097 | Lair:6   | Killed dolemite99's ghost
 20805 | Lair:6   | Reached *** piety under Sif Muna
 21265 | Lair:6   | Reached skill level 5 in Bows
 21897 | Lair:6   | Found a burning altar of Makhleb.
 21953 | Lair:6   | Found a gateway to Hell.
 22400 | Lair:6   | Learned a level 4 spell: Animate Dead
 22426 | Lair:6   | Reached skill level 1 in Necromancy
 23184 | Orc:1    | Entered Level 1 of the Orcish Mines
 23377 | Orc:1    | Found a frozen archway.
 23604 | IceCv    | Entered an ice cave
 23804 | IceCv    | Reached XP level 15. HP: 114/139 MP: 25/25
 24009 | IceCv    | Reached **** piety under Sif Muna
 24371 | IceCv    | Noticed a frost giant
 24402 | IceCv    | HP: 6/139 [frost giant/battleaxe of freezing (1)]
 24403 | IceCv    | Killed a frost giant
 24403 | IceCv    | Reached skill level 15 in Fighting
 25062 | Orc:1    | Reached skill level 5 in Necromancy
 25357 | Orc:2    | Entered Level 2 of the Orcish Mines
 25357 | Orc:2    | Noticed grandjackal's ghost (journeyman DsGl)
 25918 | Orc:2    | Killed grandjackal's ghost
 26276 | Orc:2    | Found a staircase to the Elven Halls.
 26318 | Orc:2    | Found Ujuariur's Antique Weapon Boutique.
 26329 | Orc:2    | Bought a crystal shortbow for 192 gold pieces
 26387 | Orc:2    | Identified the +3 shortbow of Ragnarok {freeze, *Corrode Int+6} (You bought it in a shop on level 2 of the Orcish Mines)
 26749 | Orc:2    | Found Tidez's Antique Armour Boutique.
 27490 | Orc:2    | Found Banips's Food Shoppe.
 27567 | Orc:2    | Found Niotuqio's General Store.
 27569 | Orc:2    | Found Qenkut's Assorted Antiques.
 27587 | Orc:2    | Bought a glowing hat for 168 gold pieces
 27592 | Orc:2    | Bought a pair of embroidered boots for 180 gold pieces
 28068 | D:12     | Noticed Gastronok
 28078 | D:12     | Killed Gastronok
 28102 | D:12     | Found a labyrinth entrance.
 28142 | Lab      | Entered a labyrinth
 28514 | D:12     | Noticed Sonja
 28521 | D:12     | Killed Sonja
 29219 | D:12     | Reached ***** piety under Sif Muna
 29219 | D:12     | Identified Sif Muna's Disquisition on Earthen Arcane Weapons (Sif Muna gifted it to you on level 12 of the Dungeon)
 29219 | D:12     | Received a gift from Sif Muna
 29235 | D:12     | Learned a level 6 spell: Statue Form
 29420 | D:12     | Reached skill level 5 in Evocations
 29548 | D:13     | Reached skill level 1 in Earth Magic
 29674 | D:13     | Found a gate to the Vaults.
 30150 | D:13     | Reached XP level 16. HP: 149/149 MP: 21/26
 30538 | D:14     | Reached skill level 10 in Transmutations
 30715 | D:14     | Reached skill level 5 in Earth Magic
 30737 | D:14     | Got a bound ruby amulet
 30739 | D:14     | Identified the amulet "Hieguec" {Spirit Str+4 SInv} (You took it off a centaur on level 14 of the Dungeon)
 32025 | D:15     | Entered Level 15 of the Dungeon
 32127 | D:15     | Identified Owidgh Nuwiu's Incunabulum of Cankerous Transformation
 32141 | D:15     | Learned a level 5 spell: Irradiate
 32457 | D:15     | Reached skill level 1 in Conjurations
 32890 | D:15     | Received a gift from Sif Muna
 33039 | D:15     | Found a staircase to the Depths.
 33399 | Snake:1  | Entered Level 1 of the Snake Pit
 33802 | Snake:1  | Found Exzuetynt's General Store.
 33990 | Shoals:1 | Entered Level 1 of the Shoals
 35035 | Shoals:1 | Identified a scroll of acquirement
 35038 | Shoals:1 | Got a warped gossamer ring
 35040 | Shoals:1 | Identified the ring "Kyhoepp" {*Contam rC+ MR+ Int+3} (You acquired it on level 1 of the Shoals)
 35045 | Shoals:1 | Learned a level 3 spell: Regeneration
 36446 | Shoals:2 | Noticed Polyphemus
 36446 | Shoals:2 | Upgraded the game from 0.20-a0-1116-gaa52201 to 0.20-a0-1117-g62da73f
 36452 | Shoals:2 | Reached skill level 10 in Spellcasting
 36464 | Shoals:2 | HP: 2/223 [Polyphemus (17)]
 36468 | Shoals:2 | Killed Polyphemus
 37324 | Shoals:3 | Reached XP level 17. HP: 148/156 MP: 27/31
 37517 | Shoals:3 | Noticed LogicNinja's ghost (adept MiBe)
 37538 | Shoals:3 | Killed LogicNinja's ghost
 37574 | Shoals:3 | Learned a level 2 spell: Swiftness
 38021 | Elf:1    | Entered Level 1 of the Elven Halls
 38028 | Elf:1    | Reached skill level 1 in Shields
 38484 | Snake:1  | Received a gift from Sif Muna
 39236 | Snake:2  | Noticed Saint Roka
 39246 | Snake:2  | Killed Saint Roka
 39306 | Snake:2  | Reached skill level 1 in Air Magic
 39317 | Snake:4  | Entered Level 4 of the Snake Pit
 39375 | Snake:2  | Received a gift from Sif Muna
 40203 | Snake:4  | Found Legaqitrep's General Store.
 40436 | Snake:4  | Reached XP level 18. HP: 112/163 MP: 21/34
 41280 | Snake:4  | Reached skill level 15 in Unarmed Combat
 41369 | Snake:4  | Got a serpentine rune of Zot
 42454 | Shoals:4 | Entered Level 4 of the Shoals
 42582 | Shoals:4 | Noticed Ilsuiw
 42745 | Shoals:4 | Reached skill level 15 in Dodging
 42899 | Shoals:3 | Killed Ilsuiw
 43058 | Shoals:4 | Identified the amulet "Raudd" {Reflect +Inv MR+ SH+2} (You acquired it on level 4 of the Shoals)
 43265 | Shoals:4 | Identified Sif Muna's Guide on Creative Arcane Weapons (Sif Muna gifted it to you on level 4 of the Shoals)
 43265 | Shoals:4 | Received a gift from Sif Muna
 43298 | Shoals:4 | Identified the +2 shortbow of the Forsaken Places {freeze, rElec Int+6} (You took it off a merfolk on level 4 of the Shoals)
 43318 | Shoals:4 | Cast into level 3 of the Abyss (merfolk javelineer)
 43318 | Abyss:3  | Found a corrupted altar of Lugonu.
 43424 | Abyss:3  | Gained mutation: Your spells are a little easier to cast, but a little less powerful. [a cacodemon]
 43562 | Abyss:3  | Reached XP level 19. HP: 148/170 MP: 21/28
 43596 | Abyss:3  | Noticed a bone dragon
 43608 | Abyss:3  | Killed a bone dragon
 43616 | Shoals:4 | Escaped the Abyss
 43983 | Shoals:4 | HP: 3/221 [merfolk impaler/trident of freezing (15)]
 43989 | Shoals:4 | HP: 8/221 [merfolk impaler/trident of freezing (15)]
 43991 | Shoals:4 | Slain by a merfolk impaler

Vault maps used:
D:1:      denvon_arrival_hothouse
D:2:      minmay_cut_off, uniq_sigmund
D:3:      lemuel_doored_altar, minmay_misc_feat_diagonals, uniq_terence
D:4:      nicolae_overflow_hidden_temple, minmay_temple_entry_metal_lava,
          first_bread, grunt_ministairs_2, kennysheep_generic_room_8,
          uniq_eustachio
D:5:      lemuel_round_altar, serial_shops, shop
D:6:      vehumet_statue, nicolae_gozag_seed_capital
D:7:      nicolae_tso_carved_into_rock, lemuel_zombie_altar_kikubaaqudgha,
          corexii_leaking_fountain
D:8:      uniq_prince_ribbit1, uniq_erica
D:9:      lemuel_blue_sif_altar, the_bakery, nicolae_ashenzari_panopticon
D:10:     david_orc_3, jmf_multi_god_temple, uniq_fannar
D:11:     due_lair_maze_entry_diamond, serial_shops, shop, okawaru_humans,
          uniq_snorg, uniq_urug
D:12:     lab_entry_generic, uniq_sonja, uniq_gastronok
D:13:     lightli_vaults_fourway_checkpoint
D:14:     hangedman_decor_riveting, stair_cage_line, grunt_decor_one_mirror,
          minmay_misc_feat_rows
D:15:     grunt_enter_depths_magical_seal, minmay_misc_feat_four_crosses,
          minmay_checkered_concentric_circles
Temple:   eino_temple_water
Lair:1:   pond, infiniplex_staircase_pool_2, uniq_harold
Lair:3:   minmay_snake_entry_six_corridors, uniq_rupert
Lair:4:   minmay_shoals_entry_centaurs, columned_hall_lemuel,
          beast_lair_carwin_4
Lair:5:   slime_dummy, grunt_forest_stairs_basic
Lair:6:   evil_forest, grunt_megastairs_3, infiniplex_staircase_pool
Shoals:1: yaktaur_hedge
Shoals:2: uniq_polyphemus
Shoals:4: shoals_end_grunt_ice, shoal_ilsuiw, lemuel_oklob_altar
Snake:1:  serial_shops, nicolae_shop_temple_entry_statues_fountains
Snake:2:  serial_bayou_shore_a, uniq_saint_roka
Snake:4:  grunt_snake_rune_serpentine_throne, serial_shops,
          nicolae_shop_waterfront, spider_trap, nicolae_snake_squiggles,
          serial_bayou_ford_a, grunt_ministairs_12
Orc:1:    portal_ice_cave_rime, serial_shops
Orc:2:    st_orc_open, serial_shops, shop
Elf:1:    serial_shops, shop, minmay_elf_demonology
Abyss:3:  dshaligram_kb_abyss_rune_zappy_water_cross
Lab:      labyrinth_green, nicolae_lab_do_over, nicolae_lab_stuck,
          nicolae_lab_flowing_pool, nicolae_lab_starburst, nicolae_lab_garden,
          nicolae_lab_hexagon, nicolae_lab_diamond, nicolae_lab_plus,
          nicolae_lab_checkerboard
IceCv:    ice_cave_caverns_02

Skill      XL: |  1  2  3  4  5  6  7  8  9 10 11 12 13 14 15 16 17 18 19 |
---------------+----------------------------------------------------------+-----
Fighting       | 2 3 5 6 8 9 11 12 14 15 | 15.0
Transmutations | 5 6 8 9 10 | 10.0
Spellcasting   | 3 5 7 10 12 | 12.4
Ice Magic      | 3 |  3.2
Unarmed Combat | 5 8 9 11 13 14 16 | 16.3
Dodging        | 3 7 10 11 13 14 15 16 | 16.1
Evocations     | 4 5 |  5.0
Bows           | 4 5 7 |  7.3
Necromancy     | 4 5 |  5.1
Earth Magic    | 4 7 |  7.4
Conjurations   | 4 |  4.3
Shields        | 4 |  4.1
Air Magic      | 3 |  3.4

Action                   |  1- 3 |  4- 6 |  7- 9 | 10-12 | 13-15 | 16-18 | 19-21 || total
-------------------------+-------+-------+-------+-------+-------+-------+-------++-------
Melee: Unarmed           |   179 |   122 |   259 |   553 |  1067 |  1509 |    87 ||  3776
       Tailslap          |    17 |     8 |    33 |    25 |   115 |   165 |     6 ||   369
       Headbutt          |     3 |     1 |     7 |       |       |       |       ||    11
       Punch             |     1 |     1 |     6 |    17 |    33 |    60 |     3 ||   121
       Dagger            |       |    19 |   163 |     4 |       |       |       ||   186
       Shortbow          |       |       |       |       |     2 |       |       ||     2
       Staff             |       |       |       |       |       |    35 |       ||    35
 Fire: Shortbow          |       |       |     7 |    38 |   353 |   157 |    51 ||   606
       Blowgun           |       |       |       |     3 |       |       |       ||     3
Throw: Stone             |       |       |       |     1 |       |       |       ||     1
       Throwing net      |       |       |       |       |     2 |       |       ||     2
 Cast: Beastly Appendage |    10 |     1 |     2 |       |       |       |       ||    13
       Spider Form       |     1 |     7 |     3 |     4 |     1 |     3 |       ||    19
       Ice Form          |       |       |    18 |    19 |    23 |     3 |       ||    63
       Blade Hands       |       |       |     3 |    23 |    81 |    37 |     3 ||   147
       Animate Dead      |       |       |       |       |     1 |     2 |     1 ||     4
       Regeneration      |       |       |       |       |       |   137 |    13 ||   150
       Statue Form       |       |       |       |       |       |    67 |     2 ||    69
       Irradiate         |       |       |       |       |       |    18 |       ||    18
 Abil: Breathe Noxious F |       |       |    11 |    16 |    56 |    23 |     2 ||   108
       End Transformatio |       |       |     1 |     2 |     8 |    15 |       ||    26
       Evoke Flight      |       |       |       |       |       |    16 |     2 ||    18
       Evoke Berserk Rag |       |       |       |       |       |     6 |     2 ||     8
Evoke: Wand              |       |       |       |       |       |       |     2 ||     2
       Fan of gales      |       |       |       |       |       |       |     1 ||     1
  Use: Scroll            |       |       |       |    18 |    11 |    12 |       ||    41
       Potion            |       |       |       |     2 |     1 |     2 |     2 ||     7
 Stab: Distracted        |     1 |       |       |       |     1 |       |       ||     2
       Confused          |       |       |     6 |     6 |    25 |     5 |       ||    42
       Sleeping          |       |       |     1 |       |       |       |       ||     1
  Eat: Chunk             |     2 |     6 |    21 |    37 |    84 |    90 |     4 ||   244
       Bread ration      |       |       |     1 |       |     1 |     2 |       ||     4
       Fruit             |       |       |       |       |     1 |       |       ||     1
Armor: Skin              |    60 |    29 |   127 |   112 |   116 |   892 |    62 ||  1398
Dodge: Dodged            |   144 |   118 |   168 |   364 |   698 |  1808 |   100 ||  3400
Block: Buckler           |       |       |       |       |       |   119 |       ||   119
